cohdb
Replays
Latest Replays
All Replays
Popular Replays
Top Player Replays
Match Explorer
How It Works
Community
CoH3 Stats
Reddit
Sign in to upload your games and track your stats! →
Sign in with Steam
Match 44710120
Unlisted
Match 44710120
Overview
Messages
Build Orders
End
Royal Engineer Section
Vickers Machine Gun Team
Selects Heavy Armor Battlegroup
Construct Section Command Post
ML 3-inch Mortar Team
Infantry Section
Construct Platoon Command Post
Humber Armored Car
Infantry Section
CMP 15cwt Truck
Selects Rigorous Vehicle Training
Selects Forward Repair Assembly
Selects UNKNOWN (2162094)
6-pounder Anti-tank Gun Team
Selects Light Vehicle Withdraw and Refit
Construct Company Command Post
Selects UNKNOWN (202330)
Grenade Package
Crusader AA Medium Tank
Crusader AA Medium Tank
Matilda II Heavy Tank
Pandonja
Blayn
UH|dun! ツ
iceman
0
0
Comments
sign in to comment!
No comments posted yet!